 Dungeon Crawl Stone Soup version 0.29-a0-284-gf9362112df (webtiles) character file.

Game seed: 8446296083522225827

43 siradein the Bolt Thrower (level 3, 0/21 HPs)
             Began as a Kobold Arcane Marksman on Mar 16, 2022.
             Succumbed to a scorpion's poison
             ... on level 3 of the Dungeon.
             The game lasted 00:02:58 (1657 turns).

siradein the Bolt Thrower (Kobold Arcane Marksman)  Turns: 1657, Time: 00:02:58

Health: 0/21       AC:  3    Str:  7    XL:     3   Next: 82%
Magic:  3/4        EV: 14    Int: 16    God:
Gold:   58         SH:  0    Dex: 15    Spells: 0/4 levels left

rFire   . . .      SeeInvis .   a - +0 hand crossbow
rCold   . . .      Faith    .   (no shield)
rNeg    . . .      Spirit   .   e - +0 leather armour
rPois   .          Reflect  .   (no helmet)
rElec   .          Harm     .   (no cloak)
rCorr   .          Rampage  .   (no gloves)
Will    .....                   (no boots)
Stlth   ++........              (no amulet)
HPRegen 0.07/turn               (no ring)
MPRegen 0.09/turn               (no ring)

@: lethally poisoned (0 -> -14)
A: small, no large weapons, nightstalker 3
a: no special abilities


You were on level 3 of the Dungeon.
You visited 1 branch of the dungeon, and saw 3 of its levels.

You collected 58 gold pieces.

Inventory:

Hand Weapons
 a - a +0 hand crossbow (weapon)
Armour
 e - a +0 leather armour (worn)
Scrolls
 b - a scroll of amnesia {unknown}
 c - a scroll of vulnerability
 f - a scroll of identify {unknown}
 h - a scroll of teleportation {unknown}
Potions
 d - 2 potions of might {unknown}
 g - a potion of curing {unknown}
 i - a potion of cancellation {unknown}
 j - a potion of lignification {unknown}


   Skills:
 + Level 2.2 Fighting
 + Level 3.7 Crossbows
 + Level 3.3 Dodging
 - Level 1.1 Spellcasting
 - Level 3.0 Hexes


You couldn't memorise any spells.
You knew the following spells:

 Your Spells              Type           Power      Damage    Failure   Level
a - Slow                  Hex            40%        N/A       10%         1
b - Portal Projectile     Hex/Tloc       10%        N/A       50%         3

Your spell library contained the following spells:

 Spells                   Type           Power      Damage    Failure   Level
 Inner Flame              Hex/Fire       5%         N/A       50%         3
 Cause Fear               Hex            5%         N/A       69%         4
 Borgnjor's Revivificati  Necr           0%         N/A       100%        8
 Necromutation            Tmut/Necr      0%         N/A       100%        8
 Death's Door             Necr           0%         N/A       100%        9


Dungeon Overview and Level Annotations

Branches:
Dungeon (3/15)

Altars:


Innate Abilities, Weirdness & Mutations

You are small and have problems with some larger weapons.
You are completely attuned to the shadows.


Message History

You shoot a bolt. The bolt hits the ball python!
You kill the ball python!
No target in view!
No target in view!
No target in view!
A scorpion comes into view.
Aiming: Slow (safe; 10% risk of failure)
Press: ? - help, Q - select action, (/) - cycle Shift-Dir - straight line, f - scorpion
Aim: a scorpion (chance to affect: 49%)
The scorpion resists with some effort.
Unknown command.
You shoot a bolt. The bolt closely misses the scorpion.
The scorpion closely misses you.
The scorpion stings you but does no damage.
You shoot a bolt. The bolt hits the scorpion.
The scorpion is lightly wounded.
The scorpion stings you.
You shoot a bolt. The bolt closely misses the scorpion.
The scorpion stings you. The scorpion closely misses you.
You shoot a bolt. The bolt hits the scorpion.
The scorpion is moderately wounded.
The scorpion misses you. The scorpion stings you!
You are too injured to fight recklessly!
You are too injured to fight recklessly!
You are too injured to fight recklessly!
You are too injured to fight recklessly!
Shoot: a) +0 hand crossbow
Press: ? - help, Q - select action, (/) - cycle Shift-Dir - straight line, f/p - scorpion
Aim: a scorpion (moderately wounded, 62% to hit)
You shoot a bolt. The bolt hits the scorpion.
The scorpion is heavily wounded.
The scorpion stings you.
* * * LOW HITPOINT WARNING * * *
You are lethally poisoned!
The scorpion poisons you!
Shoot: a) +0 hand crossbow
Press: ? - help, Q - select action, (/) - cycle Shift-Dir - straight line, f/p - scorpion
Aim: a scorpion (heavily wounded, 62% to hit)
You shoot a bolt. The bolt barely misses the scorpion.
You die...

#....##....#
#....##....#
#..†.##....#
#....##....#
#....#
#....#
#....#
######....#
.....s@...#
..........#
..........#
..........#
..........#
..........#
###########


You could see a scorpion.

Vanquished Creatures
  2 dart slugs (D:1)
  2 endoplasms (D:1)
  A giant cockroach (D:1)
  3 goblins
  5 hobgoblins
  2 quokkas
  4 ball pythons
  4 bats
  2 frilled lizards (D:2)
  6 kobolds
  5 rats
36 creatures vanquished.

Notes
Turn   | Place    | Note
-------+----------+-------------------------------------------
     0 | D:1      | siradein the Kobold Arcane Marksman began the quest for the
                  | Orb.
     0 | D:1      | Reached XP level 1. HP: 12/12 MP: 2/2
   193 | D:1      | Reached XP level 2. HP: 16/16 MP: 3/3
   530 | D:1      | Reached XP level 3. HP: 21/21 MP: 4/4
   812 | D:1      | Found a faded altar of an unknown god.
   906 | D:2      | Learned a level 3 spell: Portal Projectile
  1648 | D:3      | Noticed a scorpion
  1657 | D:3      | Succumbed to a scorpion's poison

Illustrated notes

Levels and vault maps discovered:
D:1:      minmay_arrival_open_corners, layout_basic,
          chequers_ecumenical_altar_island, amethyst_killhole
D:2:      layout_loops_ring
D:3:      layout_basic

Skill      XL: |  1  2  3 |
---------------+----------+-----
Crossbows      | 3 |  3.7
Dodging        | 3 |  3.3
Fighting       | 2 |  2.2
Spellcasting   | |  1.1
Hexes          | |  3.0

Action                   || total
-------------------------++-------
 Fire: Hand crossbow     ||   100
 Cast: Slow              ||     1
Armor: Leather armour    ||     6
Dodge: Dodged            ||    40

Table legend: (Time is in decaauts)
 A = Elapsed time spent in this place.
 B = Non-inter-level travel time spent in this place.
 C = Inter-level travel time spent in this place.
 D = Time resting spent in this place.
 E = Time spent auto-exploring this place.
 F = Levels seen in this place.
 G = Mean time per level.
                   A        B        C        D        E       F      G
               +--------+--------+--------+--------+--------+-----+--------+
         Total |   1701 |   1653 |     48 |      0 |   1432 |   3 |  567.0 |
       Dungeon |   1701 |   1653 |     48 |      0 |   1432 |   3 |  567.0 |
               +--------+--------+--------+--------+--------+-----+--------+

Top non-repeatable levels by time:
     D:1: 862 daAuts
     D:2: 779 daAuts
     D:3: 59 daAuts
